[Event "Late-Titled-Tuesday-Blitz-September-19-2023"]
[Site "Chess.com"]
[Date "2023.09.19"]
[Round "10"]
[White "VitaliyBernadskiy"]
[Black "kuli4ik"]
[Result "1-0"]
[WhiteElo "2883"]
[BlackElo "2954"]
[TimeControl "180+1"]
[EndTime "15:56:17 PDT"]
[Termination "VitaliyBernadskiy won by resignation"]

1. c4 g6 2. g3 Bg7 3. Bg2 d6 4.
Nf3 e5 5. O-O Ne7 6. Nc3 O-O 7. b4 e4 8. Ne1 f5 9. Bb2 Nbc6 10. b5 Ne5 11. d3 a6 12. a4 Be6 13.
Nc2 Bf7 14. Ne3 exd3 15. exd3 Rb8 16. Qc2 c6 17. Rfe1 Re8 18. Rad1 axb5 19. axb5 Qd7 20. f4 Ng4 21. Nxg4 fxg4 22. Ne4 d5 23. Bxg7 dxe4 24.
dxe4 Qe6 25. Be5 Rbc8 26. b6 Red8 27. c5 Qb3 28. Qxb3 Bxb3 29. Rd6 Ra8 30. Bf6 Kf7 31.
Bf1 Rxd6 32. cxd6 Kxf6 33. dxe7 Kxe7 34. Rb1 Ra3 35. Be2 h5 36. Kf2 Kd6 37. Rc1 Ra2 38. Ke3 Rb2 39. e5+ Ke7 40. Bd3 Bf7 41. Rb1 Rxh2 42. Ba6 Rh3 43. Bxb7 Rxg3+ 44. Kd4 Bd5 45.
Bc8 Rf3 46. b7 Rxf4+ 47. Kc5 Rc4+ 48. Kb6 Be4 49. b8=Q Bxb1 50. Qd6+ Ke8 51. Qe6+ Kf8 52. Qxc4 Bf5 53. Bxf5 gxf5 54. Kxc6 1-0

[Event "Late-Titled-Tuesday-Blitz-September-19-2023"]
[Site "Chess.com"]
[Date "2023.09.19"]
[Round "10"]
[White "rychessmaster1"]
[Black "amanmuhammethommadov"]
[Result "1/2-1/2"]
[WhiteElo "2721"]
[BlackElo "2582"]
[TimeControl "180+1"]
[EndTime "15:56:19 PDT"]
[Termination "Game drawn by stalemate"]

1. d4 Nf6 2. c4 g6 3. Nc3 Bg7 4. e4 O-O 5. Nf3 d6 6. Be2 e5 7. Be3 Ng4 8. Bg5 f6 9. Bh4 g5 10. Bg3 Nh6 11. dxe5 fxe5 12. h4 g4 13. Ng5 Nc6 14.
c5 Nd4 15. cxd6 cxd6 16. Bc4+ Kh8 17. O-O Bd7 18. Rc1 Rc8 19. Bd5 Qb6 20. Qd2 Rc5 21.
Ne2 Nxe2+ 22. Qxe2 Bb5 23. Bc4 Bxc4 24. Rxc4 Rxc4 25.
Qxc4 Qxb2 26. Rd1 Qb6 27. Qe6 Rf6 28. Qe8+ Rf8 29. Qe7 Rf6 30. Rc1 Ng8 31. Nf7+ Rxf7 32. Qxf7 Qb2 33. Rc8 Qc1+ 34. Kh2 Qxc8 35. h5 h6 36. Bh4 Qc6 37. Qg6 Qd7 38. Kg3 b5 39. f3 gxf3 40. gxf3 a5 41. Kg2 b4 42. Be1 Nf6 43. Bd2 Qe8 44. Qf5 Qxh5 45. Qc8+ Qe8 46. Qa6 Qg6+ 47. Kf2 d5 48. Qa8+ Kh7 49. exd5 Qd3 50.
Ke1 Qxf3 51. Qc8 Nxd5 52. Qc4 Nf4 53. Bxf4 exf4 54. Qf7 Qe3+ 55. Kf1 Qe5 56. a3 bxa3 57. Kg2 a2 58. Qc4 a1=Q 59. Qd3+ Kg8 60. Qd8+ Kf7 61.
Qd7+ Qe7 62. Qd5+ Qe6 63. Qb7+ Kg8 64. Qf3 Qb2+ 65. Qf2 Qxf2+ 66. Kh1 Qee3 1/2-1/2

[Event "Late-Titled-Tuesday-Blitz-September-19-2023"]
[Site "Chess.com"]
[Date "2023.09.19"]
[Round "10"]
[White "Mikhail_Golubev"]
[Black "farzadbfd"]
[Result "1/2-1/2"]
[WhiteElo "2585"]
[BlackElo "2693"]
[TimeControl "180+1"]
[EndTime "15:56:19 PDT"]
[Termination "Game drawn - insufficient material"]

1. e4 e5 2. Nf3 Nc6 3. Bc4 Bc5 4. c3 Nf6 5. d4 exd4 6. cxd4 Bb4+ 7. Nbd2 d5 8. exd5 Nxd5 9. O-O O-O 10. a3 Be7 11. Re1 Bf6 12. Ne4 Nb6 13. Ba2 Bxd4 14. Bg5 Qd7 15.
Nxd4 Qxd4 16. Qf3 Ne5 17. Qg3 Ng6 18. Qxc7 Be6 19. Bxe6 fxe6 20. Qxb7 Qxb2 21. a4 Nxa4 22. Qc6 Nb6 23. Qxe6+ Kh8 24. Rab1 Qc2 25. Rbc1 Qb2 26. Rb1 Qc2 27. Rbc1 Qa4 28. Nd6 Qd7 29. Qxd7 Nxd7 30. Rc7 Nde5 31. h4 h6 32. Be3 Rfd8 33. Nf7+ Nxf7 34.
Rxf7 Nxh4 35. Rxa7 Rxa7 36. Bxa7 Rd7 37. Bc5 Kh7 38. Re7 Rd5 39. Be3 Nf5 40. Re4 g5 41.
Kh2 Kg6 42. g4 Nh4 43. Kg3 Rd1 44. Re6+ Kg7 45. Ra6 Ng6 46. Ra7+ Kg8 47. Ra6 Kf7 48.
Ra7+ Ke6 49. Ra6+ Rd6 50. Rxd6+ Kxd6 51. f4 gxf4+ 52. Bxf4+ Nxf4 53. Kxf4 Ke6 54. g5 hxg5+ 55. Kxg5 1/2-1/2

[Event "Late-Titled-Tuesday-Blitz-September-19-2023"]
[Site "Chess.com"]
[Date "2023.09.19"]
[Round "10"]
[White "filipluczak05"]
[Black "MikaelyanArman"]
[Result "1-0"]
[WhiteElo "2642"]
[BlackElo "2859"]
[TimeControl "180+1"]
[EndTime "15:56:20 PDT"]
[Termination "filipluczak05 won by resignation"]

1. d4 Nf6 2. Nc3 d6 3. e4 e5 4. dxe5 dxe5 5. Qxd8+ Kxd8 6. Bc4 Ke8 7. a3 c6 8. f3 Bc5 9. Ke2 b5 10. Bb3 a5 11.
Be3 Nbd7 12. Nh3 Bxe3 13. Kxe3 Nc5 14. Nf2 Ke7 15. Rhd1 Nxb3 16. cxb3 Be6 17. b4 axb4 18. axb4 Nd7 19. Nd3 f6 20. Nc5 Nxc5 21. bxc5 b4 22.
Ne2 Rhb8 23. Rxa8 Rxa8 24. Rd6 Bd7 25. Nc1 Ra1 26. Kd2 Kd8 27. Nd3 Rg1 28. Nxb4 Rxg2+ 29. Kc3 Kc7 30. Na6+ Kc8 31. Nb8 Kxb8 32. Rxd7 Kc8 33. Rf7 h5 34. b4 h4 35. b5 cxb5 36. Kb4 Rxh2 37. Kxb5 Rg2 38. Kc6 Kd8 39. Rf8+ Ke7 40. Rh8 g5 41. Kc7 Kf7 42. c6 Kg7 43. Rd8 h3 44.
Rd1 f5 45. Kd6 h2 46. Rh1 fxe4 47. fxe4 g4 48. c7 Rc2 49. Rxh2 Rxh2 50. c8=Q Rg2 51. Kxe5 Kg6 52. Qf5+ Kh6 53. Kf6 Rf2 54. Qxf2 1-0

[Event "Late-Titled-Tuesday-Blitz-September-19-2023"]
[Site "Chess.com"]
[Date "2023.09.19"]
[Round "10"]
[White "PawnEatingZombie"]
[Black "jcmesafischer"]
[Result "1-0"]
[WhiteElo "2202"]
[BlackElo "2343"]
[TimeControl "180+1"]
[EndTime "15:56:20 PDT"]
[Termination "PawnEatingZombie won by checkmate"]

1. e4 c5 2. c3 Nf6 3. e5 Nd5 4. Nf3 Nc6 5. Bc4 Nb6 6. Bb3 c4 7. Bc2 d6 8. exd6 Qxd6 9. O-O Bg4 10. Re1 e6 11. Na3 Be7 12. Qe2 O-O 13. Nxc4 Nxc4 14. Qxc4 Bxf3 15. gxf3 Rac8 16. Qe4 g6 17. d4 Bf6 18.
Bh6 Rfe8 19. Bb3 Ne7 20. Bf4 Qd7 21. Rad1 Nd5 22. Bg3 b5 23. Ra1 Nb6 24. Red1 Qc6 25. Qxc6 Rxc6 26. a4 bxa4 27. Bxa4 Nxa4 28. Rxa4 Rb6 29.
Rd2 a6 30. c4 Rd8 31. d5 exd5 32. cxd5 Bxb2 33. Bc7 Rdb8 34. Bxb8 Rxb8 35. Rxa6 Bc3 36. Rd3 Be5 37. d6 Kf8 38. d7 Ke7 39. Ra7 Kd8 40. Kg2 g5 41. h3 f6 42. Rd5 h5 43. Raa5 Rb7 44. Rxe5 fxe5 45. Rxe5 g4 46. fxg4 hxg4 47. Rd5 Rxd7 48. Rxd7+ Kxd7 49. hxg4 Ke6 50. f4 Kf6 51.
Kf3 Kg6 52. Ke4 Kf6 53. g5+ Kg6 54. Ke5 Kf7 55. f5 Kg7 56. Ke6 Kg8 57. g6 Kf8 58. f6 Kg8 59. Ke7 Kh8 60. f7 Kg7 61.
f8=Q+ Kxg6 62. Qf6+ Kh5 63. Qg7 Kh4 64. Kf6 Kh3 65.
Kf5 Kh2 66. Kf4 Kh1 67. Kf3 Kh2 68. Qg2# 1-0

[Event "Late-Titled-Tuesday-Blitz-September-19-2023"]
[Site "Chess.com"]
[Date "2023.09.19"]
[Round "10"]
[White "Mariia89"]
[Black "valemava"]
[Result "0-1"]
[WhiteElo "2053"]
[BlackElo "2290"]
[TimeControl "180+1"]
[EndTime "15:56:25 PDT"]
[Termination "valemava won on time"]

1. d4 c6 2. c4 b5 3. e3 bxc4 4. Bxc4 Ba6 5. Qb3 d5 6. Bxa6 Qa5+ 7.
Bd2 Qxa6 8. Nf3 Nd7 9. Bc3 e6 10. Qd1 Ngf6 11. Qe2 Qxe2+ 12. Kxe2 Rb8 13. Nbd2 Bb4 14.
Bxb4 Rxb4 15. b3 c5 16. a3 Rb8 17. dxc5 Nxc5 18. b4 Nce4 19. Nxe4 Nxe4 20. Rac1 O-O 21. Nd4 Rb7 22. f3 Nd6 23. Rc3 g6 24. Rhc1 Nc4 25.
f4 Nd6 26. Nb3 h5 27. Na5 Rb6 28. Rc7 Nb5 29. Rc8 Nxa3 30. Rxf8+ Kxf8 31. Rc8+ Kg7 32. Nc6 Nb5 33. Ne5 Nd6 34. Rc7 Rxb4 35. Rxa7 d4 36.
exd4 Rxd4 37. g3 Rb4 38. Rd7 Rb2+ 39. Kf3 Rb3+ 40. Ke2 Rb6 41. Kf3 Kf6 42. h4 Kg7 43. Kf2 Kf8 44. Kf3 Ke8 45. Ra7 Rb7 46. Ra8+ Ke7 47.
Rh8 Rb3+ 48. Kg2 Ne4 49. Rh7 Rxg3+ 50. Kh2 Rb3 51. Nxg6+ Kf6 52. Ne5 Nd6 53. Nd7+ Kf5 54. Nc5 Rb2+ 55. Kg3 Rc2 56. Nd7 Rc3+ 0-1

[Event "Late-Titled-Tuesday-Blitz-September-19-2023"]
[Site "Chess.com"]
[Date "2023.09.19"]
[Round "10"]
[White "emeli_chess"]
[Black "leoduarte"]
[Result "1/2-1/2"]
[WhiteElo "2383"]
[BlackElo "2495"]
[TimeControl "180+1"]
[EndTime "15:56:28 PDT"]
[Termination "Game drawn - insufficient material"]

1. d4 d5 2. c4 e6 3. Nc3 Bb4 4. cxd5 exd5 5. Bf4 Nf6 6. e3 O-O 7. Bd3 c5 8. dxc5 Nc6 9. Ne2 Bxc5 10. O-O d4 11. exd4 Nxd4 12. Nxd4 Qxd4 13. Be3 Qd6 14. Nb5 Qe7 15. Bxc5 Qxc5 16. Rc1 Qb4 17. Nc7 Rb8 18.
Qc2 Bd7 19. a3 Qh4 20. Qc4 Qh6 21. Nd5 Ng4 22. Qf4 Qxf4 23. Nxf4 Bc6 24. f3 Ne5 25. Rfe1 Nxd3 26. Nxd3 Rbd8 27. Ne5 Bd5 28. Kf2 Rc8 29.
Nd7 Rfd8 30. Rxc8 Rxc8 31. Re2 h5 32. h4 Be6 33. Ne5 Rc1 34. Nd3 Rh1 35. Nf4 Rxh4 36. Nxe6 fxe6 37. Rxe6 Rc4 38. Ke3 Rc2 39. b4 Rxg2 40.
Re7 Rb2 41. Rxb7 Rb3+ 42. Kf4 Rxa3 43. Kg5 Rxf3 44. Kxh5 Rb3 45. Kg6 Rg3+ 46. Kf5 Rb3 47. Kg6 Kf8 48. Rf7+ Ke8 49. Rxa7 Rxb4 50. Kxg7 Rg4+ 51.
Kf6 Rg1 52. Ke5 Kd8 53. Kd4 Rd1+ 54. Kc3 Rd7 55. Rxd7+ Kxd7 1/2-1/2

[Event "Late-Titled-Tuesday-Blitz-September-19-2023"]
[Site "Chess.com"]
[Date "2023.09.19"]
[Round "10"]
[White "Hikaru"]
[Black "Msb2"]
[Result "1-0"]
[WhiteElo "3254"]
[BlackElo "3097"]
[TimeControl "180+1"]
[EndTime "15:56:32 PDT"]
[Termination "Hikaru won by checkmate"]

1. Nf3 d5 2. e3 Nf6 3. b3 e6 4. c4 Bd6 5. Bb2 O-O 6. Nc3 c5 7.
cxd5 exd5 8. d4 Nc6 9. Be2 cxd4 10. Nxd4 Nxd4 11. Qxd4 Re8 12. O-O Be5 13. Qd1 d4 14. Na4 Bf5 15. exd4 Bd6 16. Bf3 Ne4 17. Nc5 Bxc5 18. dxc5 Nd2 19. Bxb7 Rb8 20. c6 Nxf1 21.
Qxf1 Bc8 22. Rc1 Qc7 23. Bxc8 Rbxc8 24. b4 a6 25. h3 Re6 26. Qxa6 Rxc6 27. Rxc6 Qxc6 28.
Qd3 f6 29. a3 Qc4 30. Qg3 Qe6 31. Bd4 Rc1+ 32. Kh2 Qe1 33. Qf3 Qe6 34. Qg3 Qe1 35. Qg4 Qh1+ 36. Kg3 Qe1 37. Bxf6 Rc7 38. Bd4 h6 39.
Qf3 Qe6 40. Qg4 Qd5 41. Bc5 Rf7 42. Qd4 Qf5 43. Kh2 Qc2 44. Qe3 Rf6 45. b5 Qb2 46. Bd4 Qxb5 47. Bxf6 gxf6 48. Qxh6 Qe5+ 49. g3 Qd6 50. Qe3 Qd5 51. a4 Kf7 52. Qc3 Qd2 53. Qxd2 f5 54. Qf4 Kg6 55. a5 Kh5 56. a6 Kg6 57. a7 Kh5 58. a8=Q Kg6 59. Qg8+ Kh5 60. Qxf5+ Kh6 61. Qgh7# 1-0

[Event "Late-Titled-Tuesday-Blitz-September-19-2023"]
[Site "Chess.com"]
[Date "2023.09.19"]
[Round "10"]
[White "Njal28"]
[Black "GMBenjaminBok"]
[Result "1-0"]
[WhiteElo "3098"]
[BlackElo "2953"]
[TimeControl "180+1"]
[EndTime "15:56:33 PDT"]
[Termination "Njal28 won by resignation"]

1. e4 c5 2. Nf3 d6 3. d4 cxd4 4. Nxd4 Nf6 5. Nc3 a6 6. Rg1 b5 7. a4 b4 8. Nd5 Nxd5 9. exd5 Bb7 10. Nf5 Nd7 11. Qd4 Nf6 12. Bg5 g6 13. Qxb4 Rb8 14.
Bxf6 exf6 15. Qe4+ Kd7 16. Ne3 Bh6 17. O-O-O Qb6 18.
a5 Qxa5 19. Kb1 Ba8 20. Qd4 Bg7 21. Nc4 Qc5 22. Qxc5 dxc5 23. c3 f5 24. Kc2 Rhe8 25.
Ne3 Bh6 26. Bxa6 Bxe3 27. fxe3 Rxe3 28. Rd2 Kd6 29. Be2 Rbe8 30. Bf3 g5 31. Ra1 g4 32. Bd1 Ke5 33. c4 h5 34. Ra5 Kd6 35. Ra6+ Ke5 36. Ra7 Kf6 37. Rc7 f4 38. Rxc5 Re1 39. d6 Be4+ 40.
Kc3 Rd8 41. Rxh5 Bg6 42. Rhd5 Re3+ 43. Kb4 Be4 44. R5d4 Ke5 45. Bxg4 Rb8+ 46. Kc5 f5 47.
Rd5+ Ke6 48. d7 Bxd5 49. Rxd5 Rd8 50. Bxf5+ Ke7 51. b4 Re2 52. Bh3 f3 53. gxf3 Rxh2 54. Bg4 Rb2 55. b5 Rc2 56. b6 Rb2 57. Kc6 Rb4 58. c5 Rc4 59. Kc7 Rf8 60. c6 Rf6 61.
d8=Q+ 1-0

[Event "Late-Titled-Tuesday-Blitz-September-19-2023"]
[Site "Chess.com"]
[Date "2023.09.19"]
[Round "10"]
[White "FrancescoSorcinelli"]
[Black "IMSlavin"]
[Result "1-0"]
[WhiteElo "2175"]
[BlackElo "2280"]
[TimeControl "180+1"]
[EndTime "15:56:34 PDT"]
[Termination "FrancescoSorcinelli won on time"]

1. Nf3 Nc6 2. d4 d6 3. g3 Nf6 4.
Bg2 Bg4 5. O-O Qc8 6. c4 e5 7. d5 Ne7 8. Nc3 Ng6 9. e4 a6 10. Be3 Be7 11. Rc1 O-O 12. Qd3 Bh3 13. b4 Bxg2 14.
Kxg2 h6 15. h3 Nh7 16. c5 Qd8 17. a4 Ng5 18. Bxg5 Bxg5 19. Rc2 Be7 20. cxd6 cxd6 21.
b5 Qa5 22. bxa6 bxa6 23. Rb1 Rfc8 24. Rb7 Bf8 25. Nd2 h5 26. Nc4 Qd8 27. a5 h4 28.
Nb6 Rab8 29. Nxc8 Rxb7 30. Nb6 hxg3 31. fxg3 Qg5 32. Kh2 Rc7 33. Ne2 Rxc2 34. Qxc2 Qe3 35. Kg2 Qa3 36. Nc4 Qc5 37. Qd3 Be7 38. Nc3 Bg5 39.
Na4 Qb4 40. Nab6 Bf4 41. Qf3 Bc1 42. h4 Bb2 43. h5 Nf8 44. h6 gxh6 45. Qg4+ Ng6 46.
Qd7 Bd4 47. Qxd6 Qc3 48. Qf6 Qc2+ 49. Kh3 Qd1 50. Qd8+ Kg7 51. Qd7 Qh1+ 52. Kg4 h5+ 53. Kg5 h4 54. Qg4 hxg3 55. Qxg3 Qc1+ 56. Kf5 Qf1+ 57.
Kg4 Qe2+ 58. Kf5 1-0

[Event "Late-Titled-Tuesday-Blitz-September-19-2023"]
[Site "Chess.com"]
[Date "2023.09.19"]
[Round "10"]
[White "Rital44"]
[Black "SlipperySpeedster"]
[Result "1-0"]
[WhiteElo "2579"]
[BlackElo "2638"]
[TimeControl "180+1"]
[EndTime "15:56:37 PDT"]
[Termination "Rital44 won by resignation"]

1. d4 d5 2. c4 e6 3. Nc3 c5 4.
cxd5 exd5 5. Nf3 Nc6 6. g3 Nf6 7. Bg2 Be7 8. O-O O-O 9. Bf4 c4 10. Ne5 Be6 11. Nxc4 dxc4 12. d5 Nxd5 13. Nxd5 Bc5 14. Nc7 Rc8 15. Nxe6 fxe6 16. Qa4 Qd4 17. Rad1 Qxb2 18. Qxc4 Nd4 19. e3 b5 20. Qd3 Ne2+ 21. Kh1 Nxf4 22. exf4 a6 23. a4 Bxf2 24. Rd2 Qc3 25.
Qxc3 Rxc3 26. Rdxf2 bxa4 27. Ra2 a3 28. Rfa1 Rb8 29.
Bf1 Rbb3 30. Bxa6 Kf7 31. Bf1 Re3 32. Kg1 Kf6 33. Kf2 Rec3 34. Be2 h6 35. Kf1 e5 36. Bd1 Rb2 37. fxe5+ Kxe5 38. Rxa3 Rc8 39. Re3+ Kf6 40. Ra6+ Kf7 41. Bh5+ Kg8 42. Be2 Rcc2 43. Rae6 Rc1+ 44. Kf2 Rh1 45. Re8+ Kh7 46. Kf3 h5 47. Bd3+ Kh6 48.
R3e6+ Kg5 49. h4+ Rxh4 50. gxh4+ Kxh4 51. Re4+ Kh3 52. Ke3 g5 53. Rh8 h4 54. Re5 g4 55.
Bf5 Kg3 56. Re4 Rb3+ 57. Kd2 h3 58. Rxg4+ Kh2 59. Rgh4 Kg1 60. Rxh3 Rb5 61. Bd3 Rg5 62. R3h7 1-0

[Event "Late-Titled-Tuesday-Blitz-September-19-2023"]
[Site "Chess.com"]
[Date "2023.09.19"]
[Round "10"]
[White "Cambek64"]
[Black "floplover"]
[Result "0-1"]
[WhiteElo "2457"]
[BlackElo "2372"]
[TimeControl "180+1"]
[EndTime "15:56:37 PDT"]
[Termination "floplover won by resignation"]

1. b3 d5 2. Bb2 c6 3. e3 Bf5 4.
Bd3 Bxd3 5. cxd3 Nd7 6. f4 Ngf6 7. Nf3 g6 8. O-O Bg7 9. Qc2 O-O 10. d4 Ne4 11. d3 Nd6 12. Nc3 a5 13. e4 dxe4 14.
dxe4 Qb6 15. Na4 Qa7 16. Rad1 f5 17. e5 Ne4 18. Nd2 Nxd2 19. Rxd2 Rfd8 20. Rfd1 Nb6 21. Nxb6 Qxb6 22. Qc5 Qxc5 23. dxc5 Rxd2 24. Rxd2 a4 25. b4 a3 26. Bc3 Kf7 27. Rd7 Ke6 28. Rxb7 Rd8 29. Ra7 Bh6 30. g3 g5 31. fxg5 Bxg5 32. Rxa3 Rd3 33. Rb3 f4 34. gxf4 Bxf4 35. Kg2 Kd5 36.
a4 Bd2 37. a5 Bxc3 38. a6 Rd2+ 39. Kf3 Bxe5 40. Ra3 Bb8 41. a7 Bxa7 42. Rxa7 Rxh2 43. Rxe7 Kc4 44. Re4+ Kb5 45. Kg4 Rb2 46. Kf3 Rb3+ 47.
Kg2 Rxb4 48. Re7 h5 49. Re5 h4 50. Rh5 Rc4 51. Kh3 Rd4 52. Rg5 Kc4 53. Rh5 Re4 54. Rg5 Kd4 55. Rh5 Rf4 56. Rg5 Ke4 57. Rh5 Kd4 58. Rg5 Re4 59. Rh5 Re5 60. Rxh4+ Kxc5 61. Kg3 Kb5 62. Kf3 c5 63. Rh2 c4 64. Re2 Rxe2 65.
Kxe2 Kb4 66. Kd2 Kb3 67. Kc1 Kc3 68. Kd1 Kb2 69. Ke2 c3 0-1

[Event "Late-Titled-Tuesday-Blitz-September-19-2023"]
[Site "Chess.com"]
[Date "2023.09.19"]
[Round "10"]
[White "AsaHoffmann"]
[Black "stolencandy13"]
[Result "0-1"]
[WhiteElo "2386"]
[BlackElo "2571"]
[TimeControl "180+1"]
[EndTime "15:56:39 PDT"]
[Termination "stolencandy13 won on time"]

1. d4 Nf6 2. Bg5 Ne4 3. Bf4 d5 4. f3 Nf6 5. e4 dxe4 6. Nc3 e3 7. Bc4 e6 8. Qd3 Nbd7 9. Bxe3 Nb6 10. Bb3 Nbd5 11.
Bd2 Nxc3 12. Bxc3 c5 13. Ne2 Bd7 14. O-O-O Qc7 15. d5 Nxd5 16. Bxd5 exd5 17. Qxd5 Be6 18. Qe4 Rc8 19. Nf4 Qc6 20. Nxe6 Qxe4 21. Nxg7+ Bxg7 22. fxe4 Bxc3 23. bxc3 Rg8 24. g3 Rg6 25. Rd5 b6 26.
Rhd1 Re6 27. e5 Rc7 28. Rd8+ Ke7 29. R1d5 Rxe5 30. Rxe5+ Kxd8 31. Rh5 f6 32. Rh6 Rf7 33. c4 Ke7 34. Kd2 Kf8 35. Kc3 Kg7 36. Rh4 Re7 37.
Rf4 Re3+ 38. Kb2 Re2 39. h4 Rg2 40. g4 h6 41. h5 Rg3 42. c3 Rg2+ 43. Kb3 Kf7 44.
Re4 Rf2 45. a4 f5 46. gxf5 Rxf5 47. Rh4 Kf6 48. a5 Kg5 49. Rh1 Kg4 50. axb6 axb6 51. Ka4 Rxh5 52. Rg1+ Kf5 53. Kb5 Rg5 54. Rf1+ Ke4 55.
Kxb6 Kd3 56. Kb5 Kxc3 57. Rf3+ Kd2 58. Rh3 h5 59. Kc6 Ke2 60. Kd6 Kf2 61. Ke6 Kg2 62. Rc3 h4 63. Kf6 Rg4 64. Kf5 Rg3 65. Rc2+ Kf3 66. Rc3+ Kf2 67. Rc2+ Ke3 0-1

[Event "Late-Titled-Tuesday-Blitz-September-19-2023"]
[Site "Chess.com"]
[Date "2023.09.19"]
[Round "10"]
[White "Pingah9"]
[Black "Emp3rador"]
[Result "0-1"]
[WhiteElo "2562"]
[BlackElo "2527"]
[TimeControl "180+1"]
[EndTime "15:56:40 PDT"]
[Termination "Emp3rador won on time"]

1. e4 e6 2. d4 d5 3. e5 c5 4. c3 Qb6 5. Nf3 Bd7 6. Bd3 cxd4 7. cxd4 Bb5 8. O-O Nc6 9. Nc3 Bxd3 10. Qxd3 Nge7 11.
a3 Nf5 12. Be3 Be7 13. b4 O-O 14. Nxd5 exd5 15. Qxf5 a5 16. bxa5 Rxa5 17. a4 Rfa8 18. h4 Nd8 19. Bg5 Bxg5 20. Nxg5 g6 21. Qd7 Qc6 22. Qe7 h6 23. Nf3 Rxa4 24. Rxa4 Qxa4 25. e6 Nxe6 26. h5 Nxd4 27. Nxd4 Qxd4 28. hxg6 fxg6 29.
Qxb7 Rf8 30. Qc6 Kg7 31. Qc2 Qe5 32. Qd2 d4 33. Re1 Qf6 34. Re4 Rd8 35. g3 d3 36.
Rf4 Qe5 37. Rb4 Rd7 38. Kf1 h5 39. Rf4 Kh7 40. Rf3 Qe4 41. Kg2 Kg8 42. Qd1 g5 43.
Kg1 g4 44. Re3 Qf5 45. Qd2 Kh7 46. Re1 Kg6 47. Re3 Rd6 48. Re1 Qd5 49. Re3 Rd7 50. Kh2 Qc4 51. Re5 Qf7 52. Qg5+ Kh7 53. Rf5 Qg6 54. Qxh5+ Qxh5+ 55. Rxh5+ Kg6 56. Re5 d2 57. Rd5 Rxd5 0-1

[Event "Late-Titled-Tuesday-Blitz-September-19-2023"]
[Site "Chess.com"]
[Date "2023.09.19"]
[Round "10"]
[White "KaydenTroffChess"]
[Black "Tomytoteph"]
[Result "1-0"]
[WhiteElo "2770"]
[BlackElo "2578"]
[TimeControl "180+1"]
[EndTime "15:56:41 PDT"]
[Termination "KaydenTroffChess won by resignation"]

1. d4 Nf6 2. Nf3 e6 3. Bf4 b5 4.
e3 a6 5. a4 bxa4 6. Rxa4 Bb7 7. Be2 c5 8. Nbd2 Be7 9. O-O O-O 10. Nc4 cxd4 11. Qxd4 d5 12. Nce5 Nc6 13. Nxc6 Bxc6 14. Rxa6 Rxa6 15. Bxa6 Qa5 16. Bd3 Nd7 17. Bg5 f6 18.
Qh4 g6 19. Bh6 Rf7 20. Nd4 Qb6 21. Nxe6 Ne5 22. Nd4 Qxb2 23. Nxc6 Nxc6 24. Qa4 Qb6 25. Qa8+ Bf8 26. e4 Qc5 27. exd5 Qxd5 28. Be2 Ne7 29. Qxd5 Nxd5 30. Bxf8 Kxf8 31. Bc4 Rd7 32. Rd1 Nb6 33. Rxd7 Nxd7 34. Kf1 Ke7 35. Ke2 Kd6 36. Ke3 Ne5 37.
Be2 Kc5 38. f4 Nd7 39. Bg4 f5 40. Bf3 Nf6 41. Kd3 h6 42. h4 Ng8 43. g3 Ne7 44. c3 Ng8 45. c4 Nf6 46. Kc3 Nh7 47.
Bd5 Kd6 48. Bf7 g5 49. Bg6 gxh4 50. gxh4 Nf6 51. Bxf5 Nh5 52. Kd4 Nxf4 53. c5+ Kc7 54. Ke5 Ng2 55. h5 Kc6 56. Be4+ Kxc5 57. Bxg2 Kb6 58. Kf6 Kc7 59. Kg7 Kd6 60. Kxh6 Ke7 61. Kg7 Ke8 62. h6 Ke7 63. h7 Ke8 64. h8=Q+ 1-0

[Event "Late-Titled-Tuesday-Blitz-September-19-2023"]
[Site "Chess.com"]
[Date "2023.09.19"]
[Round "10"]
[White "HajiyevKanan"]
[Black "Aariow"]
[Result "0-1"]
[WhiteElo "2476"]
[BlackElo "2564"]
[TimeControl "180+1"]
[EndTime "15:56:45 PDT"]
[Termination "Aariow won by resignation"]

1. d4 d5 2. Nf3 Nf6 3. c4 e6 4.
cxd5 exd5 5. Nc3 c6 6. Qc2 Be7 7. Bg5 O-O 8. e3 Re8 9. Bd3 Nbd7 10. O-O h6 11. Bf4 Nf8 12. h3 Bd6 13. Bxd6 Qxd6 14. Rab1 Bd7 15. Rfc1 Rec8 16. Na4 b6 17. Nc3 Re8 18.
b4 Ne6 19. a4 Re7 20. Bf5 Ng5 21. Nxg5 hxg5 22. Bxd7 Qxd7 23. Ne2 Rc8 24. Ng3 Ne4 25.
Nxe4 Rxe4 26. a5 g4 27. hxg4 Rxg4 28. g3 Rg6 29. Kg2 Re8 30. axb6 axb6 31. b5 cxb5 32. Qc7 Qg4 33. Qf4 Qe2 34. Qf3 Qd2 35. Qxd5 Rf6 36. Rf1 Rxe3 37. Qd8+ Kh7 38. Rh1+ Kg6 39. Rbf1 Rxg3+ 40.
Kxg3 Qg5+ 41. Kh2 Rxf2+ 42. Rxf2 Qxd8 43. Rg2+ Kh7 44. Kg1+ Kg8 45. Rg4 b4 46. Rh3 Qd7 47.
Rhg3 g6 48. Kf2 b3 49. Rxb3 Qxg4 50. Rd3 Qe4 51. Rd2 Qf4+ 52. Ke2 b5 53. d5 b4 54. d6 Qg4+ 55. Ke3 Qd7 56. Ke4 b3 57. Kd5 g5 58. Rb2 Qb7+ 59. Kc5 g4 60. d7 Qxd7 61. Rxb3 Qe7+ 62. Kd4 Qd6+ 63. Kc4 Qe6+ 64. Kb4 Qxb3+ 65. Kxb3 g3 0-1

[Event "Late-Titled-Tuesday-Blitz-September-19-2023"]
[Site "Chess.com"]
[Date "2023.09.19"]
[Round "10"]
[White "Qvalda"]
[Black "rdarruda"]
[Result "1/2-1/2"]
[WhiteElo "2366"]
[BlackElo "2494"]
[TimeControl "180+1"]
[EndTime "15:56:47 PDT"]
[Termination "Game drawn - insufficient material"]

1. d4 Nf6 2. c4 e5 3. dxe5 Ne4 4. Nd2 Nc5 5. Nb3 Nc6 6. Nf3 Nxb3 7. Qxb3 Bb4+ 8.
Bd2 Bxd2+ 9. Nxd2 Nxe5 10. Qc3 Qf6 11. e3 O-O 12. Be2 d6 13. O-O Bd7 14. Nf3 Rfe8 15. Nxe5 Qxe5 16. Rac1 b6 17. Bf3 Rad8 18. b4 Bf5 19.
Qxe5 Rxe5 20. Rfd1 c5 21. a3 Kf8 22. Bd5 Ke7 23. Kf1 Be6 24. e4 Bxd5 25. exd5 cxb4 26. axb4 Rc8 27. Rd4 a5 28. bxa5 bxa5 29. Ra1 Ra8 30. Ra4 Kd7 31. Rd3 Rc8 32. Rb3 Re4 33.
Rb7+ Rc7 34. Rxc7+ Kxc7 35. Rxa5 Kb6 36. Ra4 Kc5 37. Ra7 Rf4 38. g3 Rf6 39. Rc7+ Kd4 40. Ke2 g5 41. h3 h5 42. Rc6 g4 43. hxg4 hxg4 44. Rc7 Rg6 45. Rxf7 Kxc4 46. Rf5 Kd4 47. f3 gxf3+ 48. Kxf3 Rg8 49. g4 Rh8 50. Kf4 Rh1 51.
Kg5 Rg1 52. Kh5 Ke4 53. Kg5 Rg2 54. Kh5 Rh2+ 55. Kg6 Rg2 56. g5 Rg1 57. Kf6 Rg2 58.
g6 Rg3 59. Rf1 Kxd5 60. g7 Ke4 61. Kf7 d5 62. g8=Q Rxg8 63. Kxg8 d4 64. Kf7 d3 65.
Ke6 d2 66. Kd6 Ke3 67. Kc5 Ke2 68. Rh1 d1=Q 69. Rxd1 Kxd1 1/2-1/2

[Event "Late-Titled-Tuesday-Blitz-September-19-2023"]
[Site "Chess.com"]
[Date "2023.09.19"]
[Round "10"]
[White "Jospem"]
[Black "Sina_Movahed"]
[Result "0-1"]
[WhiteElo "3063"]
[BlackElo "2999"]
[TimeControl "180+1"]
[EndTime "15:56:53 PDT"]
[Termination "Sina_Movahed won on time"]

1. e4 c5 2. Nf3 d6 3. c3 Nf6 4. h3 g6 5. Bd3 Bg7 6. Bc2 e5 7. d4 cxd4 8. cxd4 exd4 9. Nxd4 O-O 10. O-O Nc6 11. Nxc6 bxc6 12. Nc3 d5 13. Bg5 h6 14.
Be3 Re8 15. Ba4 Bd7 16. exd5 Nxd5 17. Nxd5 cxd5 18. Bb3 Be6 19. Qd2 Qh4 20. Rad1 d4 21. Bf4 Bxb3 22. axb3 Qh5 23. Qd3 Re6 24. f3 Rae8 25.
Ra1 Qh4 26. Bd2 Re2 27. f4 R8e4 28. Rxa7 Qf6 29. Raa1 Qc6 30. Rf3 Bf8 31. Raf1 Bc5 32. R1f2 Rxf2 33. Rxf2 Qe6 34. b4 Bb6 35. Kh2 h5 36. Rf3 h4 37. Kg1 Re2 38. Kf1 Re4 39.
Kg1 Kh7 40. Kf1 f5 41. b3 Qd5 42. Qc4 Qd7 43. Rd3 Qa7 44. Qc2 Kh6 45. Bc1 Qe7 46. Bd2 Qa7 47. Qd1 Qa6 48. Qc2 Qa1+ 49. Qc1 Qa2 50. Kg1 Re2 51. Qd1 Re4 52. Kh2 Qa6 53.
Qf3 Qb5 54. Kg1 Qe8 55. Kh2 Re2 56. Qf1 Qe4 57. Bc1 Qxd3 58. b5 Qe4 59. Bd2 d3 60. Be1 Rxe1 61. Qxd3 Bg1+ 0-1

[Event "Late-Titled-Tuesday-Blitz-September-19-2023"]
[Site "Chess.com"]
[Date "2023.09.19"]
[Round "10"]
[White "nitpicker"]
[Black "tarno17"]
[Result "1-0"]
[WhiteElo "2229"]
[BlackElo "2139"]
[TimeControl "180+1"]
[EndTime "15:56:58 PDT"]
[Termination "nitpicker won by checkmate"]

1. d4 d5 2. c4 e6 3. Nf3 Nf6 4. g3 Be7 5. Bg2 O-O 6. O-O dxc4 7. Ne5 Nbd7 8. Nxc4 Nb6 9. Na5 c6 10. Nc3 Nbd5 11. Nb3 a5 12. e4 Nxc3 13. bxc3 b5 14.
f4 a4 15. Nd2 Ba6 16. Re1 Qa5 17. Qc2 Rac8 18. a3 Rfd8 19. Bb2 Bf8 20. c4 b4 21. axb4 Qxb4 22. Rxa4 Qb6 23. c5 Qb7 24. Rea1 Rb8 25.
Bc3 Be2 26. Ra7 Qb5 27. h3 Nh5 28. R1a5 Qd3 29. Qxd3 Bxd3 30. Kf2 Nf6 31. Ke3 Bc2 32. g4 h6 33. Bf3 Rdc8 34. h4 Rb5 35. g5 hxg5 36. hxg5 Rxa5 37. Bxa5 Ne8 38. Nc4 Rb8 39.
Bb6 Bb3 40. Ne5 Rc8 41. Ra3 Bd1 42. Bxd1 f6 43. Ng4 fxg5 44. fxg5 g6 45. Ne5 Bg7 46. Nxg6 Kf7 47. Nf4 e5 48. Bh5+ Ke7 49. Ng6+ Ke6 50. d5+ cxd5 51. Bg4+ Kf7 52. Bxc8 Kxg6 53. Bf5+ Kf7 54.
Ra7+ Kg8 55. g6 d4+ 56. Kd3 Kf8 57. Rf7+ Kg8 58. Be6 Kh8 59. Re7 Nf6 60. Rc7 Bh6 61. Rc8+ Kg7 62. Rc7+ Kh8 63. Bf5 Bg7 64. c6 Ng8 65. Rxg7 Kxg7 66. Bc5 Ne7 67. Bxe7 Kg8 68. c7 Kg7 69. c8=Q Kh6 70. Qe6 Kg7 71. Qf7+ Kh6 72.
Qh7# 1-0